 Dungeon Crawl Stone Soup version 0.19-a0-473-g3ac10ee (webtiles) character file.

842 Emanloe the Shield-Bearer (level 8, 0/63 HPs)
             Began as a Formicid Fighter on June 4, 2016.
             Slain by an ogre
             ... wielding a +0 giant spiked club
              (16 damage)
             ... on level 5 of the Dungeon.
             The game lasted 00:09:03 (3727 turns).

Emanloe the Shield-Bearer (Formicid Fighter)        Turns: 3727, Time: 00:09:04

Health: 0/63       AC: 21    Str: 21    XL:     8   Next: 20%
Magic:  8/8        EV:  5    Int:  8    God:
Gold:   220        SH: 10    Dex: 12    Spells: 0 memorised, 7 levels left

rFire  . . .     SeeInvis +     a - +0 long sword
rCold  . . .     Gourm    .     o - +0 plate armour
rNeg   . . .     Faith    .     c - +0 shield
rPois  .         Spirit   .     (helmet unavailable)
rElec  .         Dismiss  .     n - +0 cloak
rCorr  .         Reflect  .     e - +1 pair of gloves {archery}
SustAt .         Harm     .     (no boots)
MR     .....                    (no amulet)
Stlth  ..........               (no ring)
                                (no ring)

@: not resistant to hostile enchantments, extremely unstealthy
A: permanent stasis, dig shafts and tunnels, four strong arms, antennae 3,
iridescent scales 1, thin metallic scales 1, wild magic 1
a: Dig, Shaft Self


You were on level 5 of the Dungeon.
You were not hungry.

You visited 1 branch of the dungeon, and saw 5 of its levels.

You collected 220 gold pieces.

Inventory:

Hand Weapons
 a - a +0 long sword (weapon)
Armour
 c - a +0 shield (worn)
 e - a +1 pair of gloves of archery (worn)
 n - a +0 cloak (worn)
 o - a +0 plate armour (worn)
Wands
 p - a wand of polymorph (21/24)
Scrolls
 b - a scroll of remove curse
 d - 3 scrolls of identify
 j - a scroll of noise {unknown}
 k - a scroll of amnesia
 q - a scroll of enchant armour {unknown}
Potions
 h - 4 potions of curing
 i - a potion of flight
Comestibles
 f - 4 bread rations
 g - 2 beef jerkies
 l - 3 meat rations
 m - 4 fruits


   Skills:
 + Level 5.4 Fighting
 * Level 5.8 Long Blades
 + Level 5.2 Armour
 + Level 5.9 Shields


You had 7 spell levels left.
You didn't know any spells.

Dungeon Overview and Level Annotations

Branches:
Dungeon (5/15)
 Temple: D:4-7

Altars:
Cheibriados
Dithmenos
Elyvilon
Gozag
Makhleb
Okawaru
Sif Muna
Trog
Vehumet
Yredelemnul
The Shining One


Innate Abilities, Weirdness & Mutations

You are under a permanent stasis effect.
You can dig through walls and to a lower floor.
Your four strong arms can wield two-handed weapons with a shield.
You have a pair of large antennae on your head. (SInv)
You are partially covered in iridescent scales. (AC +4)
You are partially covered in thin metallic scales. (AC +2)
Your spells are a little harder to cast, but a little more powerful.


Message History

The ogre hits you with a giant spiked club!
You are too injured to fight recklessly!
Okay, then.
There is a stone staircase leading up here.
The ogre hits you with a giant spiked club.
You climb upwards.
There is a stone staircase leading down here.
The ogre hits you with a giant spiked club.
* * * LOW HITPOINT WARNING * * *
You climb downwards.
There is a stone staircase leading up, spattered with blood here.
There is a stone staircase leading down here.
Found a scroll labeled USELIO MAPSUINT.
Found 19 poisoned needles.
Found a bread ration.
You see here a bread ration.
You slash the ogre!
The ogre is heavily wounded.
The ogre hits you with a giant spiked club!
You die...

#...###########
##.## #.# #<#
#># #.# #.#
#####.#
#.@O#.#######
#.#..........
#...#.#######
##..#...
#...#.#.#
#.#?...#.#
......#.# #
........(# ##
#.#.#.#


You could see an ogre.

Vanquished Creatures
  Pikel (D:4)
  A centaur (D:4)
  2 hounds
  2 orc wizards (D:4)
  Ijyb (D:2)
  2 worker ants (D:4)
  A gnoll (D:3)
  4 adders
  3 oozes
  2 worms (D:2)
  2 dart slugs (D:2)
  3 giant geckos
  5 orcs
  A ball python (D:3)
  4 giant cockroaches
  9 goblins
  9 hobgoblins
  2 jackals (D:1)
  9 kobolds
  2 quokkas
  3 bats
  A giant gecko skeleton (D:4)
  6 giant newts
  8 rats
83 creatures vanquished.

Vanquished Creatures (others)
  An adder (D:4)
  A quokka (D:4)
2 creatures vanquished.

Grand Total: 85 creatures vanquished

Notes
Turn   | Place    | Note
--------------------------------------------------------------
     0 | D:1      | Emanloe the Formicid Fighter began the quest for the Orb.
     0 | D:1      | Reached XP level 1. HP: 18/18 MP: 1/1
   350 | D:1      | Reached XP level 2. HP: 22/24 MP: 2/2
   570 | D:1      | Reached XP level 3. HP: 15/29 MP: 3/3
  1468 | D:2      | Found a glowing golden altar of the Shining One.
  1544 | D:2      | Reached XP level 4. HP: 36/36 MP: 4/4
  1613 | D:2      | Noticed Ijyb
  1626 | D:2      | Killed Ijyb
  1631 | D:2      | Reached XP level 5. HP: 36/42 MP: 5/5
  2050 | D:3      | Found a shadowy altar of Dithmenos.
  2439 | D:3      | Found a burning altar of Makhleb.
  2553 | D:3      | Found an iron altar of Okawaru.
  2802 | D:4      | Reached XP level 6. HP: 49/49 MP: 6/6
  2841 | D:4      | Gained mutation: You are partially covered in thin metallic scales. (AC +2) [potion of mutation]
  2841 | D:4      | Gained mutation: Your spells are a little harder to cast, but a little more powerful. [potion of mutation]
  2841 | D:4      | Gained mutation: You are partially covered in iridescent scales. (AC +4) [potion of mutation]
  2904 | D:4      | Found a snail-covered altar of Cheibriados.
  2910 | D:4      | Noticed a slave
  2911 | D:4      | Noticed a slave
  2911 | D:4      | Found a radiant altar of Vehumet.
  2911 | D:4      | Noticed Pikel
  2911 | D:4      | Noticed a slave
  2912 | D:4      | Noticed a slave
  2913 | D:4      | Found a basalt altar of Yredelemnul.
  2913 | D:4      | Found an opulent altar of Gozag.
  2955 | D:4      | Killed Pikel
  2955 | D:4      | Reached skill level 5 in Fighting
  2955 | D:4      | Reached skill level 5 in Long Blades
  2955 | D:4      | Reached skill level 5 in Shields
  2955 | D:4      | Reached XP level 7. HP: 42/56 MP: 7/7
  2990 | D:4      | Found a white marble altar of Elyvilon.
  2991 | D:4      | Found a bloodstained altar of Trog.
  3011 | D:4      | Reached skill level 5 in Armour
  3011 | D:4      | Reached XP level 8. HP: 43/62 MP: 8/8
  3289 | D:4      | Found a deep blue altar of Sif Muna.
  3665 | D:5      | Entered Level 5 of the Dungeon
  3727 | D:5      | Slain by an ogre

Vault maps used:
D:1:      nagdon_arrival_double_spiral, st_stairs_5
D:2:      kennysheep_big_flooded_room, lemuel_doored_altar, first_bread,
          uniq_iyjb
D:3:      lightli_temple_of_fire, nicolae_overflow_hidden_temple,
          lemuel_crystal_altar, okawaru_altar_gauntlet_db
D:4:      led_sif_book, grunt_temple_overflow_open, uniq_pikel
D:5:      serial_shops, shop, uniq_crazy_yiuf_cottage

Skill      XL: |  1  2  3  4  5  6  7 |
---------------+----------------------+-----
Shields        | 4 5 |  5.9
Long Blades    | 3 5 |  5.8
Fighting       | 4 5 |  5.4
Armour         | 4 5 |  5.2

Action                   |  1- 3 |  4- 6 |  7- 9 || total
-------------------------+-------+-------+-------++-------
Melee: Long sword        |   104 |   183 |    65 ||   352
  Use: Scroll            |     4 |     3 |       ||     7
       Potion            |     4 |     3 |       ||     7
  Eat: Bread ration      |     1 |       |       ||     1
       Chunk             |       |     2 |     3 ||     5
Armor: Scale mail        |    55 |    45 |       ||   100
       Plate armour      |       |    65 |    31 ||    96
Dodge: Dodged            |    44 |    45 |    17 ||   106
Block: Shield            |    56 |    91 |    34 ||   181
